 Dungeon Crawl Stone Soup version 0.31-a0-833-gc15d34cb79 (webtiles) character file.

Game seed: 9195836555286074766

5791 LeprechaunX the Mimic (level 10, -1/69 HPs)
             Began as an Octopode Shapeshifter on Sept 25, 2023.
             Was an Initiate of Hepliaklqana.
             Slain by a death yak (8 damage)
             ... on level 8 of the Dungeon.
             The game lasted 00:21:06 (8933 turns).

LeprechaunX the Mimic (Octopode Shapeshifter)       Turns: 8933, Time: 00:21:07

Health: -1/69      AC:  7    Str: 18    XL:     10   Next: 79%
Magic:  0/17       EV: 14    Int: 12    God:    Hepliaklqana [......]
Gold:   410        SH:  6    Dex: 18    Spells: 15/18 levels left

rFire   + .          .
                       - Unarmed
rCold   + . .        G - +0 buckler
rNeg    . . .        (helmet currently unavailable)
rPois   +            q - amulet of guardian spirit
rElec   .            a - ring of poison resistance
rCorr   .            o - +6 ring of dexterity
SInv    .            u - ring of protection from fire
Will    .....        y - ring of protection from cold
Stlth   +++          J - ring of wizardry
HPRegen 0.31/turn    (no ring)
MPRegen 0.15/turn    (no ring)
                     (no ring)

%: guardian spirit, wizardry (x1)
@: ice-armoured, beast-form
A: beast (slay +4), almost no armour, amphibious, 8 rings, camouflage 1,
gelatinous body 1, (nimble swimmer 1), tentacles
a: Begin Untransformation, Renounce Religion


You were on level 8 of the Dungeon.
You worshipped Hepliaklqana.
Hepliaklqana was noncommittal.
You were a hulking beast.
You visited 2 branches of the dungeon, and saw 10 of its levels.

You collected 410 gold pieces.

Inventory:

Hand Weapons
 L - a +0 sling
Missiles
 k - 8 boomerangs (quivered)
Armour
 B - a +2 tower shield
 G - a +0 buckler (worn)
Jewellery
 a - a ring of poison resistance (left tentacle)
 o - a +6 ring of dexterity (right tentacle)
 q - an amulet of guardian spirit (around mantle)
 t - a ring of protection from cold
 u - a ring of protection from fire (on tentacle)
 y - a ring of protection from cold (on tentacle)
 J - a ring of wizardry (on tentacle)
Talismans
 b - a beast talisman (active)
 c - a flux talisman
 s - a serpent talisman
 C - a maw talisman
 N - a dragon-blood talisman
Wands
 M - a wand of iceblast (10)
 P - a wand of mindburst (5)
Scrolls
 d - 2 scrolls of immolation
 g - 4 scrolls of blinking
 j - 7 scrolls of teleportation
 l - 2 scrolls of enchant weapon {unknown}
 n - a scroll of revelation
 p - a scroll of summoning
 r - a scroll of fog
 v - 2 scrolls of enchant armour {unknown}
 A - a scroll of noise {unknown}
 D - a scroll of amnesia {unknown}
 E - a scroll of vulnerability {unknown}
 I - 2 scrolls of fear {unknown}
 K - a scroll of brand weapon {unknown}
 O - a scroll of silence {unknown}
Potions
 e - 4 potions of curing
 f - a potion of enlightenment {unknown}
 h - a potion of brilliance {unknown}
 m - 2 potions of invisibility {unknown}
 w - a potion of mutation {unknown}
 x - a potion of ambrosia {unknown}
 z - a potion of haste {unknown}
 F - a potion of attraction {unknown}
 H - a potion of might {unknown}


   Skills:
 + Level 6.3 Fighting
 - Level 3.2 Dodging
 + Level 5.3 Shields
 + Level 6.9 Unarmed Combat
 + Level 4.9 Spellcasting
 - Level 5.0 Ice Magic
 * Level 8.7 Shapeshifting


You had 15 spell levels left.
You knew the following spells:

 Your Spells              Type           Power      Damage    Failure   Level
a - Ozocubu's Armour      Ice            14%        N/A       4%          3

Your spell library contained the following spells:

 Spells                   Type           Power      Damage    Failure   Level
 Frozen Ramparts          Ice            28%        1d5       4%          3
 Summon Small Mammal      Summ           8%         N/A       11%         1
 Call Canine Familiar     Summ           2%         N/A       28%         3
 Stone Arrow              Conj/Erth      4%         3d7       28%         3
 Summon Guardian Golem    Hex/Summ       2%         N/A       28%         3
 Volatile Blastmotes      Fire/Tloc      4%         2d10      28%         3
 Fulminant Prism          Conj/Hex       1%         3d5       65%         4
 Iskenderun's Mystic Bla  Conj/Tloc      2%         2d3       65%         4
 Petrify                  Tmut/Erth      2%         N/A       65%         4
 Metabolic Englaciation   Hex/Ice        4%         N/A       65%         5
 Iskenderun's Battlesphe  Conj           2%         2d6       93%         5
 Simulacrum               Ice/Necr       4%         N/A       99%         6
 Bombard                  Conj/Erth      1%         9d1       100%        6
 Orb of Destruction       Conj           1%         9d5       100%        7
 Spellforged Servitor     Conj/Summ      1%         N/A       100%        7
 Lehudib's Crystal Spear  Conj/Erth      1%         10d2      100%        8
 Animate Armour           Summ/Erth      Unusable   N/A       N/A         4

Dungeon Overview and Level Annotations

Branches:
Dungeon (9/15)             Temple (1/1) D:7            Lair (0/5) D:8
    Orc: D:9-12

Altars:
Cheibriados
Dithmenos
Elyvilon
Fedhas
Gozag
Hepliaklqana
Kikubaaqudgha
Makhleb
Nemelex Xobeh
Okawaru
Qazlal
Ru
Sif Muna
Trog
Uskayaw
Vehumet
Wu Jian
Xom
Yredelemnul
Zin
The Shining One

Shops:
D:4 !   D:6 *

Annotations:
D:2 1 runed translucent door, Crazy Yiuf
D:7 Psyche


Innate Abilities, Weirdness & Mutations

You are a hulking beast.
Your limbs bulge with bestial killing power. (Slay +4)
You cannot wear most types of armour.
You are amphibious.
You can wear up to eight rings at the same time.
Your skin changes colour to match your surroundings (Stealth+).
Your rubbery body absorbs attacks. (AC +1, EV +1)
((You are camouflaged when in or above water. (Stealth+)))
You have tentacles for arms and can constrict up to eight enemies at once.


Message History

* * * LOW HITPOINT WARNING * * *
Unknown command.
You barely miss the death yak.
You squeeze the death yak, but do no damage.
The death yak is heavily wounded.
The death yak gores you!!
* * * LOW HITPOINT WARNING * * *
Unknown command.
You feel much better. The death yak gores you!
* * * LOW HITPOINT WARNING * * *
Unknown command.
You feel much better. You block the death yak's attack.
Unknown command.
You bludgeon the death yak!
The death yak is heavily wounded.
The death yak closely misses you.
You tentacle-slap the death yak. You squeeze the death yak.
The death yak is severely wounded.
Unknown command.
You bludgeon the death yak! You squeeze the death yak!
The death yak is almost dead.
The death yak gores you.
Unknown command.
You tentacle-slap the death yak but do no damage.
You squeeze the death yak, but do no damage.
The death yak is almost dead.
The death yak gores you!
* * * LOW HITPOINT WARNING * * *
Unknown command.
You tentacle-slap the death yak but do no damage.
You squeeze the death yak, but do no damage.
The death yak is almost dead.
The death yak gores you!
* * * LOW HITPOINT WARNING * * *
Unknown command.
Okay, then.
You tentacle-slap the death yak but do no damage.
The death yak is severely wounded.
The death yak gores you!
You die...

#.......................#.#.##
#.......#..####.#.###.#.#Y#.Y.
#..........####.#.##....#.####
#.......#.......#.......#.####
####.############..#....#..Y..
###.# #..#..#.###### ###...###
#.......# # #.......########
#......## # #.#.###.##....h#
#..#...#######
#.#..##.##....Y###..#...##.....
#.##.##.##..........#..........
#.##.##.##.....###Y###..##.....
#.......##.....# #..Y...#######
####.########### #####.## # #.#
#.# # #.# ######### #)########
#)# #.......## #.......##


You could see a death yak.

Vanquished Creatures
  A two-headed ogre (D:6)
  A death yak (D:8)
  Jeremiah (D:7)
  Sigmund (D:2)
  A wyvern (D:7)
  Eustachio (D:5)
  5 yaks
  2 steam dragons (D:7)
  An acid dragon (D:8)
  A water moccasin (D:6)
  3 black bears
  An orc warrior (D:9)
  3 ogres
  2 necrophages (D:7)
  2 wyvern zombies (D:7)
  2 bullfrogs
  A water moccasin zombie (D:7)
  12 wights
  A howler monkey (D:8)
  2 centaur zombies (D:7)
  4 hounds
  4 jellies
  A human zombie (D:7)
  7 iguanas
  2 sleepcaps
  7 orc wizards
  A killer bee zombie (D:7)
  6 gnolls
  8 adders
  A white imp (D:5)
  5 worms
  A dart slug (D:1)
  24 orcs
  5 bats
  11 endoplasms
  4 giant cockroaches
  8 goblins
  9 hobgoblins
  8 kobolds
  4 quokkas
  6 ball pythons
  6 frilled lizards
  9 rats
185 creatures vanquished.

Vanquished Creatures (others)
  A wizard (D:6)
  A human (D:3)
2 creatures vanquished.

Grand Total: 187 creatures vanquished

Notes
Turn   | Place    | Note
-------+----------+-------------------------------------------
     0 | D:1      | LeprechaunX the Octopode Shapeshifter began the quest for
                  | the Orb.
     0 | D:1      | Reached XP level 1. HP: 13/13 MP: 1/1
    92 | D:1      | Reached XP level 2. HP: 11/18 MP: 2/2
   351 | D:1      | Reached XP level 3. HP: 22/23 MP: 3/3
  1013 | D:2      | Reached XP level 4. HP: 18/29 MP: 4/4
  1151 | D:2      | Found a faded altar of an unknown god.
  1217 | D:2      | Noticed Sigmund
  1260 | D:2      | Killed Sigmund
  1261 | D:2      | Reached skill level 4 in Shapeshifting
  1261 | D:2      | Reached XP level 5. HP: 7/35 MP: 5/5
  1402 | D:2      | Reached XP level 6. HP: 41/41 MP: 6/6
  1775 | D:2      | Learned a level 3 spell: Ozocubu's Armour
  1853 | D:2      | Found a runed translucent door.
  1854 | D:2      | Noticed Crazy Yiuf
  2033 | D:3      | Found a white marble altar of Elyvilon.
  2419 | D:3      | Found an ancient bone altar of Kikubaaqudgha.
  2420 | D:3      | Noticed a human
  2423 | D:3      | Killed a human
  2952 | D:4      | Noticed a black bear
  2973 | D:4      | Killed a black bear
  2989 | D:4      | Reached skill level 1 in Spellcasting
  3190 | D:4      | Reached skill level 1 in Ice Magic
  3190 | D:4      | Reached skill level 5 in Shapeshifting
  3190 | D:4      | Reached XP level 7. HP: 46/46 MP: 8/8
  3293 | D:4      | Found Kumannam's Distillery.
  3528 | D:5      | Entered Level 5 of the Dungeon
  3600 | D:5      | Reached skill level 1 in Shields
  3650 | D:5      | Noticed Eustachio
  3933 | D:5      | Killed Eustachio
  3934 | D:5      | Reached XP level 8. HP: 42/54 MP: 7/11
  4429 | D:6      | Found Coriummeu's Mayhem Merchandise.
  4436 | D:6      | Reached skill level 5 in Unarmed Combat
  4436 | D:6      | Reached skill level 6 in Shapeshifting
  4590 | D:6      | Found a bloodstained altar of Trog.
  4603 | D:6      | Noticed a two-headed ogre
  5073 | D:6      | Reached XP level 9. HP: 59/59 MP: 13/13
  5439 | D:6      | Killed a two-headed ogre
  5440 | D:6      | Reached skill level 7 in Shapeshifting
  5503 | D:6      | Noticed a wizard
  5509 | D:6      | Killed a wizard
  5786 | D:6      | Reached skill level 5 in Fighting
  6033 | D:7      | Found a staircase to the Ecumenical Temple.
  6296 | D:7      | Reached XP level 10. HP: 56/66 MP: 12/16
  6435 | D:7      | Found a basalt altar of Yredelemnul.
  6579 | Temple   | Entered the Ecumenical Temple
  6588 | Temple   | Became a worshipper of Hepliaklqana the Forgotten
  6604 | D:7      | Found a snail-covered altar of Cheibriados.
  6633 | D:7      | Found a sparkling altar of Nemelex Xobeh.
  6638 | D:7      | Found a stormy altar of Qazlal.
  6642 | D:7      | Found a shimmering altar of Xom.
  6642 | D:7      | Found a glowing silver altar of Zin.
  6688 | D:7      | Noticed Jeremiah
  6974 | D:7      | Killed Jeremiah
  6975 | D:7      | Reached skill level 8 in Shapeshifting
  7328 | D:8      | Noticed Psyche
  7606 | D:8      | Reached skill level 5 in Ice Magic
  7619 | D:8      | HP: 3/68 [acid dragon/splash of acid (23)]
  7899 | D:8      | Reached skill level 5 in Shields
  7914 | D:8      | Noticed a death yak
  7915 | D:8      | Noticed a death yak
  8327 | D:8      | Found a staircase to the Lair.
  8679 | D:8      | Noticed a death yak
  8721 | D:8      | Killed a death yak
  8925 | D:8      | HP: 3/69 [death yak (16)]
  8933 | D:8      | Slain by a death yak

Illustrated notes

Levels and vault maps discovered:
D:1:      evilmike_arrival_plus, layout_basic, chequers_serial_rivers_small_a,
          kennysheep_small_spiral, minmay_tree_intersection,
          nicolae_twisty_statue_hallways
D:2:      layout_loops_cross, ebering_ecumenical_altar_box, uniq_sigmund,
          uniq_crazy_yiuf_cottage
D:3:      layout_loops_ring, nicolae_overflow_crystal_walls, tgw_kikubaaqudgha,
          nicolae_concentric_dashed_squares_wild, minmay_statues_item,
          kennysheep_nub, grunt_ministairs_11, roderic_lattice_a,
          nrook_mini_backslash
D:4:      layout_cave_pools, serial_shops, shop, minivault_14
D:5:      layout_cave_pools, uniq_eustachio
D:6:      layout_basic, trog_wizard, minmay_shop_mayhem, serial_park_tiny_pond,
          kennysheep_minor_cross, hangedman_decor_growths
D:7:      layout_cave_pools, lemuel_mausoleum_altar_yredelemnul,
          grunt_temple_overflow_open, lemuel_tele_altar,
          minmay_temple_entry_offerings, uniq_jeremiah
D:8:      layout_loops_cross, dpeg_lair_monsters, uniq_psyche
D:9:      layout_loops_ring, marbit_many_paths, serial_shops,
          nicolae_shop_gibbet_a_chance, serial_co_window_serial,
          co_window_of_opportunity_a, co_window_paths_a, co_window_corner_a,
          co_window_paths_a, co_window_paths_a, co_window_corner_a,
          co_window_unsneaky_path_a, co_window_broadway_b, co_window_corner_b,
          glass_columns_a, glass_columns_a
Temple:   hellmonk_temple_two_chambers

Skill      XL: |  1  2  3  4  5  6  7  8  9 10 |
---------------+-------------------------------+-----
Fighting       | 2 3 4 5 6 |  6.3
Dodging        | 3 |  3.2
Shapeshifting  | 4 5 6 7 8 |  8.7
Unarmed Combat | 4 5 6 |  6.9
Spellcasting   | 1 2 3 4 |  4.9
Ice Magic      | 1 2 3 4 5 |  5.0
Shields        | 1 2 4 5 |  5.3

Action                     |  1- 3 |  4- 6 |  7- 9 | 10-12 || total
---------------------------+-------+-------+-------+-------++-------
  Melee: Unarmed           |    68 |    46 |       |    46 ||   160
         Constrict         |    20 |    19 |    46 |     9 ||    94
         Tentacles         |    16 |    13 |    61 |    38 ||   128
         Punch             |     2 |       |     9 |     9 ||    20
         Mace              |       |    48 |   179 |    82 ||   309
  Throw: Boomerang         |       |    17 |    38 |    21 ||    76
   Cast: Ozocubu's Armour  |       |       |       |     1 ||     1
  Evoke: Wand              |       |       |       |     1 ||     1
    Use: Potion            |       |     1 |       |     6 ||     7
         Scroll            |       |       |       |     9 ||     9
   Stab: Sleeping          |    13 |     8 |     5 |     2 ||    28
         Distracted        |       |     1 |       |     1 ||     2
 Armour: Skin              |    20 |    80 |   121 |    97 ||   318
  Dodge: Dodged            |    19 |    59 |   153 |    73 ||   304
  Block: Buckler           |       |       |    24 |    30 ||    54

Table legend: (Time is in decaauts)
 A = Elapsed time spent in this place.
 B = Non-inter-level travel time spent in this place.
 C = Inter-level travel time spent in this place.
 D = Time resting spent in this place.
 E = Time spent auto-exploring this place.
 F = Levels seen in this place.
 G = Mean time per level.
                   A        B        C        D        E       F      G
               +--------+--------+--------+--------+--------+-----+--------+
         Total |   9066 |   8656 |    410 |   1421 |   4976 |  10 |  906.6 |
       Dungeon |   9044 |   8634 |    410 |   1421 |   4976 |   9 | 1004.9 |
        Temple |     21 |     21 |      0 |      0 |      0 |   1 |   21.0 |
               +--------+--------+--------+--------+--------+-----+--------+

Top non-repeatable levels by time:
     D:6: 1692 daAuts
     D:7: 1548 daAuts
     D:2: 1116 daAuts
     D:8: 1087 daAuts
     D:5: 909 daAuts
     D:1: 909 daAuts
     D:3: 890 daAuts
     D:4: 633 daAuts
     D:9: 256 daAuts
  Temple: 21 daAuts
